[ PARTIDA AOE2 · #506710527 ]
UnrankedCumanos vs Khitans
Equipo del jugador · VICT
Equipo rival · DERR
[ ANÁLISIS DE REPETICIÓN · EXTRAÍDO DE LA PARTIDA GRABADA ]
Feudal
8:59
Castillos
22:09
Imperial
—
| APM promedio | 53.0 |
| APM pico | 87 |
| eAPM promedio | 34.1 |
| Aldeanos / militares | 126 / 34 |
Foco
⚔️ 34.2% · 🌾 65.8%
Camel Scout ×17 · Knight ×7 · Spearman ×7 · Kipchak ×2 · Monk ×1
Feudal
8:51
Castillos
22:24
Imperial
—
| APM promedio | 72.7 |
| APM pico | 121 |
| eAPM promedio | 31.5 |
| Aldeanos / militares | 83 / 47 |
Foco
⚔️ 36.8% · 🌾 63.2%
Cavalry Archer ×24 · Scout Cavalry ×22 · Spearman ×1
Mapa de la partida
Recursos iniciales + cada clic de construcción. Líneas = muros · curvas = relieve. ◆ oro · ⬟ piedra · ● bayas · ✦ reliquia · ◌ hueco del cierre
Tu base· ✓ Cerrada en 22:09 · 42t muro · sin puerta
Base de Scotty· Abierta — el rival se encerró
Terreno inicial suavizado · ◌ = hueco del cierre detectado · pasá el cursor para detalles
Inputs por minuto
— DS_Larry mi Goat - - Scotty
Build order — DS_Larry mi Goat
Primeras 150 de 292 acciones detectadas
| 0:00 | Crear | Villager (Male) |
| 0:01 | Crear | Villager (Male) |
| 0:02 | Construir | House |
| 0:02 | Construir | House |
| 0:12 | Crear | Villager (Male) |
| 0:12 | Crear | Villager (Male) |
| 1:25 | Crear | Villager (Male) |
| 1:58 | Crear | Villager (Male) |
| 2:14 | Crear | Villager (Male) |
| 2:29 | Construir | Lumber Camp |
| 2:46 | Crear | Villager (Male) |
| 3:05 | Crear | Villager (Male) |
| 3:35 | Crear | Villager (Male) |
| 3:35 | Crear | Villager (Male) |
| 4:00 | Crear | Villager (Male) |
| 4:14 | Construir | Mill |
| 4:15 | Crear | Villager (Male) |
| 4:19 | Crear | Villager (Male) |
| 4:40 | Investigar | Loom |
| 4:50 | Construir | House |
| 5:02 | Crear | Villager (Male) |
| 5:15 | Crear | Villager (Male) |
| 5:28 | Construir | House |
| 5:29 | Construir | Palisade Wall |
| 5:34 | Crear | Villager (Male) |
| 5:49 | Crear | Villager (Male) |
| 5:50 | Construir | Palisade Wall |
| 6:45 | Investigar | Feudal Age |
| 7:37 | Crear | Villager (Male) |
| 8:21 | Crear | Villager (Male) |
| 8:59 | Edad | Edad Feudal |
| 9:00 | Construir | Town Center |
| 9:02 | Investigar | Double-Bit Axe |
| 9:06 | Crear | Villager (Male) |
| 9:32 | Investigar | Horse Collar |
| 9:33 | Crear | Villager (Male) |
| 9:40 | Construir | House |
| 9:42 | Construir | Palisade Wall |
| 9:52 | Construir | Palisade Wall |
| 10:02 | Crear | Villager (Male) |
| 10:24 | Construir | House |
| 10:28 | Crear | Villager (Male) |
| 10:29 | Crear | Villager (Male) |
| 10:38 | Construir | House |
| 10:40 | Crear | Villager (Male) |
| 10:45 | Construir | Palisade Wall |
| 10:54 | Construir | Farm |
| 10:58 | Construir | Farm |
| 11:00 | Construir | Farm |
| 11:12 | Crear | Villager (Male) |
| 11:17 | Construir | Farm |
| 11:22 | Construir | House |
| 11:32 | Crear | Villager (Male) |
| 11:42 | Crear | Villager (Male) |
| 11:47 | Construir | Farm |
| 11:50 | Construir | Farm |
| 12:01 | Crear | Villager (Male) |
| 12:10 | Crear | Villager (Male) |
| 12:14 | Construir | Farm |
| 12:14 | Construir | Farm |
| 12:26 | Construir | House |
| 12:41 | Crear | Villager (Male) |
| 12:44 | Crear | Villager (Male) |
| 12:51 | Crear | Villager (Male) |
| 12:51 | Crear | Villager (Male) |
| 12:59 | Construir | Barracks |
| 13:14 | Construir | Watch Tower |
| 13:16 | Crear | Villager (Male) |
| 13:16 | Crear | Villager (Male) |
| 13:22 | Crear | Villager (Male) |
| 13:24 | Construir | House |
| 13:28 | Construir | Farm |
| 13:36 | Crear | Villager (Male) |
| 13:45 | Crear | Villager (Male) |
| 14:00 | Crear | Spearman |
| 14:02 | Crear | Villager (Male) |
| 14:04 | Construir | Palisade Wall |
| 14:18 | Crear | Spearman |
| 14:33 | Crear | Villager (Male) |
| 14:37 | Construir | Palisade Wall |
| 14:39 | Construir | Palisade Wall |
| 14:40 | Construir | House |
| 14:42 | Construir | House |
| 14:44 | Crear | Villager (Male) |
| 14:45 | Crear | Villager (Male) |
| 14:56 | Crear | Villager (Male) |
| 14:56 | Crear | Villager (Male) |
| 15:02 | Construir | House |
| 15:03 | Construir | House |
| 15:06 | Crear | Villager (Male) |
| 15:17 | Construir | Mining Camp |
| 15:19 | Construir | Farm |
| 15:20 | Crear | Villager (Male) |
| 15:25 | Construir | House |
| 15:35 | Crear | Villager (Male) |
| 15:40 | Construir | House |
| 15:43 | Construir | House |
| 15:51 | Construir | Farm |
| 15:51 | Construir | Farm |
| 15:52 | Crear | Villager (Male) |
| 15:53 | Crear | Villager (Male) |
| 16:07 | Construir | Palisade Wall |
| 16:14 | Crear | Villager (Male) |
| 16:14 | Crear | Villager (Male) |
| 16:14 | Crear | Villager (Male) |
| 16:19 | Construir | Palisade Wall |
| 16:24 | Construir | Farm |
| 16:25 | Construir | Farm |
| 16:44 | Crear | Villager (Male) |
| 16:46 | Construir | Farm |
| 16:47 | Construir | Farm |
| 16:48 | Crear | Villager (Male) |
| 16:53 | Construir | Market |
| 17:03 | Crear | Villager (Male) |
| 17:11 | Construir | Farm |
| 17:29 | Crear | Villager (Male) |
| 17:36 | Construir | Farm |
| 17:38 | Crear | Villager (Male) |
| 17:42 | Construir | Farm |
| 17:50 | Crear | Villager (Male) |
| 17:52 | Crear | Villager (Male) |
| 17:55 | Construir | Stable |
| 17:57 | Crear | Villager (Male) |
| 17:57 | Crear | Villager (Male) |
| 18:01 | Construir | Watch Tower |
| 18:02 | Crear | Villager (Male) |
| 18:03 | Crear | Villager (Male) |
| 18:03 | Crear | Villager (Male) |
| 18:13 | Construir | Blacksmith |
| 18:31 | Crear | Spearman |
| 18:53 | Construir | Lumber Camp |
| 18:57 | Crear | Spearman |
| 19:17 | Construir | House |
| 19:29 | Investigar | Castle Age |
| 19:30 | Investigar | Castle Age |
| 19:30 | Crear | Villager (Male) |
| 19:34 | Crear | Spearman |
| 19:52 | Construir | Stable |
| 19:56 | Construir | Farm |
| 19:57 | Crear | Villager (Male) |
| 20:04 | Construir | Watch Tower |
| 20:09 | Crear | Spearman |
| 20:10 | Crear | Villager (Male) |
| 20:18 | Construir | Farm |
| 20:20 | Construir | Farm |
| 20:21 | Construir | Farm |
| 20:21 | Construir | Farm |
| 20:24 | Crear | Villager (Male) |
| 20:33 | Crear | Spearman |
| 20:52 | Construir | Palisade Wall |
Build order — Scotty
Primeras 150 de 231 acciones detectadas
| 0:01 | Crear | Villager (Male) ×4 |
| 0:01 | Crear | Villager (Male) ×4 |
| 0:03 | Construir | House |
| 0:05 | Construir | House |
| 1:25 | Crear | Villager (Male) |
| 1:25 | Crear | Villager (Male) |
| 1:25 | Crear | Villager (Male) |
| 1:55 | Crear | Villager (Male) |
| 1:55 | Crear | Villager (Male) |
| 2:10 | Construir | Lumber Camp |
| 2:18 | Crear | Villager (Male) |
| 2:18 | Crear | Villager (Male) |
| 2:46 | Crear | Villager (Male) |
| 2:47 | Crear | Villager (Male) |
| 3:07 | Crear | Villager (Male) |
| 3:07 | Crear | Villager (Male) |
| 3:31 | Crear | Villager (Male) |
| 3:50 | Construir | House |
| 4:01 | Crear | Villager (Male) |
| 4:01 | Crear | Villager (Male) |
| 4:01 | Crear | Villager (Male) |
| 4:29 | Crear | Villager (Male) |
| 4:29 | Crear | Villager (Male) |
| 4:30 | Crear | Villager (Male) |
| 4:46 | Construir | Mill |
| 5:20 | Investigar | Loom |
| 5:20 | Investigar | Loom |
| 5:24 | Crear | Villager (Male) |
| 6:03 | Investigar | Loom |
| 6:03 | Investigar | Loom |
| 6:04 | Investigar | Loom |
| 6:35 | Investigar | Feudal Age |
| 6:35 | Investigar | Feudal Age |
| 6:35 | Investigar | Feudal Age |
| 6:57 | Construir | Lumber Camp |
| 7:27 | Crear | Villager (Male) |
| 7:39 | Construir | House |
| 7:54 | Construir | House |
| 8:20 | Construir | Barracks |
| 8:30 | Crear | Villager (Male) |
| 8:51 | Edad | Edad Feudal |
| 9:07 | Construir | Stable |
| 9:19 | Crear | Villager (Male) |
| 9:22 | Investigar | Double-Bit Axe |
| 9:22 | Investigar | Double-Bit Axe |
| 9:22 | Investigar | Double-Bit Axe |
| 9:31 | Construir | House |
| 9:35 | Crear | Spearman |
| 9:47 | Crear | Villager (Male) |
| 9:51 | Crear | Scout Cavalry |
| 9:51 | Crear | Scout Cavalry |
| 10:01 | Crear | Villager (Male) |
| 10:06 | Construir | House |
| 10:15 | Construir | Pasture |
| 10:22 | Crear | Villager (Male) |
| 10:36 | Construir | House |
| 10:37 | Crear | Scout Cavalry |
| 10:41 | Construir | Pasture |
| 10:52 | Construir | House |
| 11:02 | Construir | Pasture |
| 11:07 | Crear | Villager (Male) |
| 11:22 | Crear | Villager (Male) |
| 11:33 | Construir | House |
| 11:35 | Crear | Villager (Male) |
| 11:42 | Construir | Watch Tower |
| 11:43 | Crear | Villager (Male) |
| 11:43 | Crear | Villager (Male) |
| 11:56 | Crear | Scout Cavalry |
| 11:57 | Crear | Scout Cavalry |
| 12:02 | Crear | Villager (Male) |
| 12:05 | Construir | Mining Camp |
| 12:28 | Crear | Villager (Male) |
| 12:42 | Crear | Villager (Male) |
| 12:53 | Construir | Watch Tower |
| 13:02 | Crear | Villager (Male) |
| 13:09 | Construir | Pasture |
| 13:19 | Crear | Villager (Male) |
| 13:23 | Construir | Palisade Wall |
| 13:24 | Construir | Palisade Wall |
| 13:24 | Construir | Palisade Wall |
| 13:25 | Construir | Palisade Wall |
| 13:25 | Construir | Palisade Wall |
| 13:25 | Construir | Palisade Wall |
| 13:26 | Construir | Palisade Wall |
| 13:26 | Construir | Palisade Wall |
| 13:29 | Construir | Pasture |
| 13:33 | Crear | Scout Cavalry |
| 13:33 | Crear | Scout Cavalry |
| 13:33 | Crear | Scout Cavalry |
| 14:12 | Crear | Villager (Male) |
| 14:35 | Crear | Villager (Male) |
| 14:36 | Crear | Scout Cavalry |
| 14:36 | Crear | Scout Cavalry |
| 14:37 | Crear | Scout Cavalry |
| 14:39 | Construir | Pasture |
| 14:49 | Construir | Watch Tower |
| 14:51 | Crear | Scout Cavalry |
| 14:51 | Crear | Scout Cavalry |
| 14:56 | Construir | Pasture |
| 15:02 | Construir | Pasture |
| 15:05 | Construir | Pasture |
| 15:08 | Crear | Villager (Male) |
| 15:18 | Crear | Villager (Male) |
| 15:22 | Construir | Pasture |
| 15:44 | Construir | Pasture |
| 15:45 | Crear | Villager (Male) |
| 15:57 | Crear | Villager (Male) |
| 16:09 | Crear | Villager (Male) |
| 16:15 | Construir | Blacksmith |
| 16:29 | Crear | Villager (Male) |
| 16:35 | Construir | House |
| 16:47 | Crear | Villager (Male) |
| 16:49 | Investigar | Forging |
| 16:50 | Crear | Scout Cavalry |
| 16:50 | Crear | Scout Cavalry |
| 16:50 | Crear | Scout Cavalry |
| 16:56 | Crear | Villager (Male) |
| 17:11 | Construir | House |
| 17:22 | Crear | Villager (Male) |
| 17:46 | Construir | Mining Camp |
| 17:52 | Construir | House |
| 17:57 | Investigar | Scale Barding Armor |
| 17:57 | Investigar | Scale Barding Armor |
| 17:57 | Investigar | Scale Barding Armor |
| 18:15 | Construir | Watch Tower |
| 18:27 | Crear | Villager (Male) |
| 18:32 | Construir | Market |
| 18:56 | Crear | Scout Cavalry |
| 19:08 | Construir | Palisade Wall |
| 19:09 | Construir | Palisade Wall |
| 19:09 | Construir | Palisade Wall |
| 19:10 | Construir | Palisade Wall |
| 19:10 | Construir | Palisade Wall |
| 19:10 | Construir | Palisade Wall |
| 19:11 | Construir | Palisade Wall |
| 19:24 | Construir | Watch Tower |
| 19:32 | Investigar | Gold Mining |
| 19:32 | Investigar | Gold Mining |
| 19:44 | Investigar | Castle Age |
| 19:44 | Investigar | Castle Age |
| 19:58 | Construir | Pasture |
| 20:03 | Investigar | Tech 1014 |
| 20:03 | Investigar | Tech 1014 |
| 20:03 | Investigar | Tech 1014 |
| 20:48 | Construir | House |
| 20:57 | Construir | House |
| 20:59 | Crear | Villager (Male) |
| 21:05 | Construir | Pasture |
| 21:16 | Construir | House |
| 21:24 | Crear | Scout Cavalry |
Cronología de la partida
| 5:29 | DS_Larry mi Goat · wall_segment Palisade Wall x2 |
| 5:50 | DS_Larry mi Goat · wall_segment Palisade Wall x1 |
| 8:20 | Scotty · first_building Barracks |
| 8:51 | Scotty · age_up feudal |
| 8:59 | DS_Larry mi Goat · age_up feudal |
| 9:07 | Scotty · first_building Stable |
| 9:42 | DS_Larry mi Goat · wall_segment Palisade Wall x12 |
| 9:52 | DS_Larry mi Goat · wall_segment Palisade Wall x9 |
| 10:45 | DS_Larry mi Goat · wall_segment Palisade Wall x6 |
| 12:59 | DS_Larry mi Goat · first_building Barracks |
| 13:23 | Scotty · wall_segment Palisade Wall x1 |
| 13:24 | Scotty · wall_segment Palisade Wall x1 |
| 13:24 | Scotty · wall_segment Palisade Wall x1 |
| 13:25 | Scotty · wall_segment Palisade Wall x1 |
| 13:25 | Scotty · wall_segment Palisade Wall x1 |
| 13:25 | Scotty · wall_segment Palisade Wall x1 |
| 13:26 | Scotty · wall_segment Palisade Wall x1 |
| 13:26 | Scotty · wall_segment Palisade Wall x1 |
| 14:04 | DS_Larry mi Goat · wall_segment Palisade Wall x1 |
| 14:37 | DS_Larry mi Goat · wall_segment Palisade Wall x1 |
| 14:39 | DS_Larry mi Goat · wall_segment Palisade Wall x1 |
| 16:07 | DS_Larry mi Goat · wall_segment Palisade Wall x7 |
| 16:19 | DS_Larry mi Goat · wall_segment Palisade Wall x2 |
| 17:51 | DS_Larry mi Goat · first_market_buy 100 food |
| 17:55 | DS_Larry mi Goat · first_building Stable |
| 18:35 | DS_Larry mi Goat · first_market_sell 100 stone |
| 19:08 | Scotty · wall_segment Palisade Wall x1 |
| 19:09 | Scotty · wall_segment Palisade Wall x1 |
| 19:09 | Scotty · wall_segment Palisade Wall x1 |
| 19:10 | Scotty · wall_segment Palisade Wall x1 |
| 19:10 | Scotty · wall_segment Palisade Wall x1 |
| 19:10 | Scotty · wall_segment Palisade Wall x1 |
| 19:11 | Scotty · wall_segment Palisade Wall x1 |
| 19:43 | Scotty · first_market_sell 100 food |
| 20:52 | DS_Larry mi Goat · wall_segment Palisade Wall x1 |
| 22:09 | DS_Larry mi Goat · age_up castle |
| 22:24 | Scotty · age_up castle |
| 23:47 | DS_Larry mi Goat · wall_segment Palisade Wall x1 |
| 24:01 | DS_Larry mi Goat · wall_segment Palisade Wall x1 |
| 24:03 | DS_Larry mi Goat · wall_segment Palisade Wall x1 |
| 24:11 | Scotty · first_building Archery Range |
| 24:24 | DS_Larry mi Goat · wall_segment Palisade Wall x1 |
| 24:35 | Scotty · wall_segment Palisade Wall x1 |
| 25:13 | Scotty · wall_segment Palisade Wall x1 |
| 25:58 | Scotty · first_market_buy 100 food |
| 27:55 | DS_Larry mi Goat · first_building Castle |
| 28:12 | DS_Larry mi Goat · first_building Monastery |
| 29:42 | Scotty · resign |
[ ANÁLISIS IA · 1 CRÉDITO ]
¿Qué pasó realmente en esta partida?
Wolo.gg analiza cada decisión: build order, eco, micro, errores típicos por bracket. Análisis personalizado por WhatsApp o Discord en 30 segundos.
Guía civ
Cumanos
Perfil
Jugador #2821779